 Seeded DCSS version 0.30.1-9-gdf580d7c3d (webtiles) character file.

Game seed: 9106806156630997546 (custom seed)

145 Psyclone the Conjurer (level 5, -3/28 HPs)
             Began as a Deep Elf Conjurer on Oct 6, 2023.
             Slain by Sigmund
             ... wielding a +4 scythe of flaming
              (12 damage)
             ... on level 3 of the Dungeon.
             The game lasted 00:03:47 (2275 turns).

Psyclone the Conjurer (Deep Elf Conjurer)           Turns: 2275, Time: 00:03:47

Health: -3/28      AC:  3    Str:  4    XL:     5   Next: 6%
Magic:  7/11       EV: 12    Int: 25    God:
Gold:   120        SH:  0    Dex: 13    Spells: 7/10 levels left

rFire   . . .        j - +0 falchion
rCold   . . .        (no shield)
rNeg    . . .        a - +0 robe
rPois   +            (no helmet)
rElec   .            (no cloak)
rCorr   .            s - +0 pair of gloves
SInv    .            (no boots)
Will    .....        (no amulet)
Stlth   ++           i - ring of poison resistance
HPRegen 0.24/turn    q - ring of flight
MPRegen 0.12/turn

%: no passive effects
@: flying
A: no striking features
a: no special abilities


You were on level 3 of the Dungeon.
You visited 1 branch of the dungeon, and saw 3 of its levels.

You collected 120 gold pieces.

Inventory:

Hand Weapons
 j - a +0 falchion (weapon)
Armour
 a - a +0 robe (worn)
 s - a +0 pair of gloves (worn)
Jewellery
 i - a ring of poison resistance (left hand)
 q - a ring of flight (right hand)
 r - a +5 ring of evasion
Scrolls
 c - a scroll of teleportation {unknown}
 d - a scroll of blinking {unknown}
 k - a scroll of noise {unknown}
 o - 2 scrolls of enchant armour {unknown}
 p - a scroll of poison {unknown}
Potions
 b - a potion of magic
 e - 5 potions of curing {unknown}
 f - a potion of berserk rage {unknown}
 g - 4 potions of brilliance {unknown}
 h - a potion of lignification {unknown}
 l - 2 potions of attraction {unknown}
 m - 2 potions of might {unknown}
 n - a potion of haste {unknown}


   Skills:
 - Level 2.4 Dodging
 - Level 2.4 Stealth
 - Level 3.0 Spellcasting
 + Level 7.0 Conjurations


You had 7 spell levels left.
You knew the following spells:

 Your Spells              Type           Power      Damage    Failure   Level
a - Magic Dart            Conj           100%       1d8       1%          1
b - Searing Ray           Conj           78%        2d7       1%          2

Your spell library contained the following spells:

 Spells                   Type           Power      Damage    Failure   Level
 Dazzling Flash           Conj/Hex       42%        N/A       7%          3
 Scorch                   Fire           6%         2d5       16%         2
 Flame Wave               Conj/Fire      21%        2d8       24%         4
 Fulminant Prism          Conj/Hex       10%        3d8       24%         4
 Iskenderun's Mystic Bla  Conj/Tloc      21%        2d6       24%         4
 Summon Cactus Giant      Summ           1%         N/A       100%        6


Dungeon Overview and Level Annotations

Branches:
Dungeon (3/15) Zot: 15712

Altars:
Qazlal

Shops:
D:1 =

Annotations:
D:3 Sigmund


Message History

Aim: a hobgoblin (asleep, 100% to hit)
The magic dart hits the hobgoblin.
The hobgoblin is almost dead.
You now have 10/11 mp.
Casting: Magic Dart (safe; 1% risk of failure)
Confirm with . or Enter, or press ? or * to list all spells.
Aiming: Magic Dart (safe; 1% risk of failure)
Press: ? - help, Shift-Dir - straight line, f/p - hobgoblin
Aim: a hobgoblin (almost dead, 100% to hit)
The magic dart hits the hobgoblin.
You kill the hobgoblin!
You now have 9/11 mp.
Found an escape hatch in the ceiling.
MP restored: 11
Casting: Magic Dart (safe; 1% risk of failure)
Confirm with . or Enter, or press ? or * to list all spells.
You can't see any susceptible monsters within range! (Use Z to cast anyway.) Unknown command.
Sigmund the Dreaded comes into view.
He is wielding a +4 scythe of flaming.
Sigmund shouts!
Sigmund mumbles some strange words.
Sigmund flickers and vanishes!
Deactivating autopickup; reactivate with Ctrl-A.
Casting: Magic Dart (safe; 1% risk of failure)
Confirm with . or Enter, or press ? or * to list all spells.
You can't see any susceptible monsters within range! (Use Z to cast anyway.) Unknown command.
Casting: Magic Dart (safe; 1% risk of failure)
Confirm with . or Enter, or press ? or * to list all spells.
Aiming: Searing Ray (safe; 1% risk of failure)
Press: ? - help, Shift-Dir - straight line The searing ray hits something! (Press . to maintain the ray.)
A magic dart appears from out of thin air!
The magic dart hits you!
You take 9 damage, and have 19/28 hp.
MASSIVE DAMAGE!!
You now have 9/11 mp.
The searing ray hits something!
Something hits you! Something burns you.
You take 10 damage, and have 9/28 hp.
MASSIVE DAMAGE!!
You now have 8/11 mp.
The searing ray hits something.
Something hits you!
You die...

#.........# #.....#
#.#
#####...####........
#.#
##.######.....###
#.# #....# #....##
#.# ####.# #.#.##
#.# #.###.#######
..# #......<.....
#.# #####.######.
#@# #.# #{# #.# ..#
###


There were no monsters in sight!

Vanquished Creatures
  Jessica (D:2)
  Natasha (twice) (D:3)
  Robin (D:2)
  An adder (D:3)
  A worm (D:2)
  A dart slug (D:2)
  3 ball pythons
  5 bats
  3 endoplasms
  A giant cockroach (D:2)
  14 goblins
  A hobgoblin (D:3)
  3 jackals (D:2)
  5 kobolds
  2 frilled lizards (D:1)
  A rat (D:1)
45 creatures vanquished.

Notes
Turn   | Place    | Note
-------+----------+-------------------------------------------
     0 | D:1      | Psyclone the Deep Elf Conjurer began the quest for the Orb.
     0 | D:1      | Reached XP level 1. HP: 10/10 MP: 6/6
   300 | D:1      | Reached XP level 2. HP: 15/15 MP: 5/8
   327 | D:1      | Found Cetaas's Jewellery Emporium.
   541 | D:1      | Reached skill level 5 in Conjurations
   681 | D:2      | Found a stormy altar of Qazlal.
   748 | D:2      | Learned a level 2 spell: Searing Ray
  1049 | D:2      | Noticed Robin
  1052 | D:2      | Killed Robin
  1053 | D:2      | Reached XP level 3. HP: 19/19 MP: 3/9
  1328 | D:2      | Noticed Jessica
  1332 | D:2      | Killed Jessica
  1333 | D:2      | Reached skill level 6 in Conjurations
  1333 | D:2      | Reached XP level 4. HP: 24/24 MP: 4/10
  1653 | D:3      | Noticed Natasha
  1658 | D:3      | Killed Natasha
  2051 | D:3      | Noticed Natasha
  2056 | D:3      | Killed Natasha
  2057 | D:3      | Reached skill level 7 in Conjurations
  2057 | D:3      | Reached XP level 5. HP: 28/28 MP: 5/11
  2270 | D:3      | Noticed Sigmund
  2275 | D:3      | Slain by Sigmund

Illustrated notes

Levels and vault maps discovered:
D:1:      onia_arrival_mini_spirals, layout_loops_ring, serial_shops, shop
D:2:      layout_rooms, basic_altar, reono_crystal_passage, minmay_tetromino_l2,
          uniq_robin, uniq_jessica, uniq_crazy_yiuf_cottage
D:3:      layout_loops_ring, uniq_sigmund, uniq_natasha

Skill      XL: |  1  2  3  4 |
---------------+-------------+-----
Conjurations   | 5 6 7 |  7.0
Dodging        | |  2.4
Stealth        | |  2.4
Spellcasting   | |  3.0

Action                     |  1- 3 |  4- 6 || total
---------------------------+-------+-------++-------
  Melee: Falchion          |     9 |     4 ||    13
   Cast: Magic Dart        |    54 |    25 ||    79
         Searing Ray       |     2 |     2 ||     4
 Armour: Robe              |       |     1 ||     1
  Dodge: Dodged            |    20 |     2 ||    22
